 Dungeon Crawl Stone Soup version 0.28.0 (webtiles) character file.

Game seed: 9162797871220257697

949 horus123 the Cudgeller (level 8, -1/69 HPs)
             Began as a Hill Orc Fighter on Feb 7, 2022.
             Was a Follower of Okawaru.
             Slain by Edmund (9 damage)
             ... on level 6 of the Dungeon.
             The game lasted 00:08:14 (4984 turns).

horus123 the Cudgeller (Hill Orc Fighter)           Turns: 4984, Time: 00:08:15

Health: -1/69      AC: 14    Str: 19    XL:     8   Next: 13%
Magic:  8/8        EV:  7    Int: 10    God:    Okawaru [*.....]
Gold:   231        SH:  4    Dex: 10    Spells: 7/7 levels left

rFire   . . .      SeeInvis .   l - +3 flail
rCold   . . .      Faith    .   c - +0 buckler
rNeg    . . .      Spirit   .   n - +0 chain mail
rPois   .          Reflect  .   s - +0 helmet
rElec   .          Harm     .   h - +0 cloak
rCorr   .          Rampage  .   f - +0 pair of gloves
Will    .....                   (no boots)
Stlth   ..........              (no amulet)
HPRegen 0.21/turn               (no ring)
MPRegen 0.11/turn               (no ring)

@: no status effects
A: no striking features
a: Renounce Religion, Heroism


You were on level 6 of the Dungeon.
You worshipped Okawaru.
Okawaru was aware of your devotion.
You visited 2 branches of the dungeon, and saw 7 of its levels.

You collected 231 gold pieces.

Inventory:

Hand Weapons
 a - a +0 war axe
 d - a +0 flail of protection
 l - a +3 flail (weapon)
Missiles
 q - 2 boomerangs of dispersal (quivered)
Armour
 b - a +0 scale mail
 c - a +0 buckler (worn)
 f - a +0 pair of gloves (worn)
 h - a +0 cloak (worn)
 n - a +0 chain mail (worn)
 s - a +0 helmet (worn)
Wands
 j - a wand of flame (18)
 t - a wand of acid (9)
Scrolls
 g - 4 scrolls of noise
 o - a scroll of torment {unknown}
 p - a scroll of amnesia {unknown}
Potions
 e - 3 potions of flight
 i - 2 potions of attraction {unknown}
 k - 3 potions of lignification {unknown}
 m - a potion of mutation {unknown}
 r - 2 potions of degeneration {unknown}
Miscellaneous
 u - a piece from Xom's chessboard (15/15)


   Skills:
 + Level 5.5 Fighting
 - Level 5.0(7.1) Axes
 - Level 6.5(7.1) Maces & Flails
 - Level 6.1 Armour
 - Level 3.2 Shields


You had 7 spell levels left.
You didn't know any spells.
Your spell library contained the following spells:

 Spells                   Type           Power      Damage    Failure   Level
 Blink                    Tloc           0%         N/A       100%        2
 Lesser Beckoning         Tloc           0%         N/A       100%        3
 Manifold Assault         Tloc           0%         N/A       100%        5
 Eringya's Noxious Bog    Tmut/Pois      0%         N/A       100%        6
 Summon Forest            Summ/Tloc      Unusable   N/A       N/A         5
 Summon Hydra             Summ           Unusable   N/A       N/A         7

Dungeon Overview and Level Annotations

Branches:
Dungeon (6/15)             Temple (1/1) D:4

Altars:
Ashenzari
Cheibriados
Dithmenos
Elyvilon
Fedhas
Gozag
Hepliaklqana
Kikubaaqudgha
Nemelex Xobeh
Okawaru
Qazlal
Ru
Sif Muna
Wu Jian
Xom
Yredelemnul
The Shining One

Annotations:
D:6 Edmund


Message History

The phantom is severely damaged.
The phantom hits you but does no damage.
The bullfrog skeleton hits you but does no damage.
You hit the phantom.
The phantom is severely damaged.
The bullfrog skeleton hits you but does no damage.
The phantom hits you but does no damage.
You miss the phantom.
The phantom is severely damaged.
The bullfrog skeleton hits you but does no damage.
The phantom hits you but does no damage.
The bullfrog skeleton hits you.
You sock the phantom!
You destroy the phantom!
Okawaru accepts your kill.
The bullfrog skeleton hits you but does no damage.
Edmund zaps a wand.
The puff of flame misses you.
The puff of flame hits the bullfrog skeleton!
Your Fighting skill increases to level 5!
You thump the bullfrog skeleton!
The bullfrog skeleton is severely damaged.
You block the bullfrog skeleton's attack.
Edmund zaps a wand.
The puff of flame hits you!
You hit the bullfrog skeleton.
The bullfrog skeleton is severely damaged.
The bullfrog skeleton hits you but does no damage.
Edmund zaps a wand.
The puff of flame hits you!
The bullfrog skeleton hits you but does no damage.
You barely miss the bullfrog skeleton.
The bullfrog skeleton is severely damaged.
The bullfrog skeleton completely misses you.
Edmund zaps a wand.
The puff of flame hits you!
* * * LOW HITPOINT WARNING * * *
The now-empty wand crumbles to dust.
Edmund hits you with a +5 dire flail of holy wrath.
* * * LOW HITPOINT WARNING * * *
The bullfrog skeleton hits you but does no damage.
You barely miss Edmund.
Edmund hits you with a +5 dire flail of holy wrath!
You die...

##
#.....#.#.#..#.#.#....
#.....##.#....#.##....
#....#.##......##.#..
#...#.#..........#.#
##..##............##..
#.#................#.
#...o...o............
####@##########....[.
#@# ####.. #Z# . #.#
#.# #.#########
#.........#
###.........###
#..............
.....).........##


You could see Edmund, an orc and a bullfrog skeleton.

Vanquished Creatures
  A water moccasin (D:5)
  2 ogres
  2 phantoms (D:6)
  2 scorpions
  A water moccasin skeleton (D:4)
  A bullfrog zombie (D:5)
  A jelly (D:6)
  2 iguanas
  Natasha (thrice) (D:4)
  4 gnolls
  A howler monkey zombie (D:5)
  4 adders
  A shadow imp (D:6)
  An ufetubus (D:5)
  2 worms
  4 dart slugs
  An orc (D:5)
  8 ball pythons
  4 endoplasms
  4 giant cockroaches
  7 goblins
  3 hobgoblins
  10 jackals
  3 kobolds
  4 quokkas
  5 bats
  5 frilled lizards
  5 rats
91 creatures vanquished.

Notes
Turn   | Place    | Note
-------+----------+-------------------------------------------
     0 | D:1      | horus123 the Hill Orc Fighter began the quest for the Orb.
     0 | D:1      | Reached XP level 1. HP: 19/19 MP: 1/1
   136 | D:1      | Reached XP level 2. HP: 27/27 MP: 2/2
   244 | D:1      | Reached XP level 3. HP: 31/33 MP: 3/3
   770 | D:1      | Found a faded altar of an unknown god.
  1098 | D:2      | Reached skill level 5 in Axes
  1172 | D:2      | Reached XP level 4. HP: 38/40 MP: 4/4
  1940 | D:4      | Reached XP level 5. HP: 46/46 MP: 5/5
  1982 | D:4      | Noticed an ogre
  1987 | D:4      | Killed an ogre
  1988 | D:4      | Reached skill level 5 in Armour
  1999 | D:4      | Reached XP level 6. HP: 41/52 MP: 6/6
  2175 | D:4      | Reached skill level 1 in Maces & Flails
  2402 | D:4      | Found a staircase to the Ecumenical Temple.
  2458 | Temple   | Entered the Ecumenical Temple
  2877 | Temple   | Became a worshipper of Warmaster Okawaru
  3009 | D:4      | Noticed Natasha
  3016 | D:4      | Killed Natasha
  3024 | D:4      | Noticed Natasha
  3027 | D:4      | Killed Natasha
  3410 | D:4      | Noticed Natasha
  3421 | D:4      | Killed Natasha
  3422 | D:4      | Reached XP level 7. HP: 22/59 MP: 7/7
  3715 | D:5      | Entered Level 5 of the Dungeon
  3736 | D:5      | Found a sacrificial altar of Ru.
  4083 | D:5      | Reached skill level 5 in Maces & Flails
  4254 | D:5      | Reached * piety under Okawaru
  4920 | D:6      | Noticed Edmund
  4941 | D:6      | Reached XP level 8. HP: 48/67 MP: 8/8
  4980 | D:6      | Reached skill level 5 in Fighting
  4984 | D:6      | Slain by Edmund

Illustrated notes

Levels and vault maps discovered:
D:1:      matt_arrival_refuge, layout_loops_ring, ebering_ecumenical_altar_box
D:2:      layout_basic
D:3:      layout_basic, grunt_temple_overflow_lords_of_destruction, uniq_ijyb
D:4:      layout_loops_ring, minmay_temple_entry_poolview,
          hangedman_abyss_or_decor_passed, uniq_natasha
D:5:      layout_basic, nicolae_ru_awakened_eye
D:6:      layout_basic, hangedman_decor_clover_reticule, minmay_crystal_room,
          hellmonk_bongcloud_opening, minmay_misc_feat_secret_circle,
          uniq_edmund
Temple:   regret_index_temple_sphere_string

Skill      XL: |  1  2  3  4  5  6  7  8 |
---------------+-------------------------+-----
Fighting       | 4 5 |  5.5
Axes           | 3 5 |  5.0
Armour         | 4 5 6 |  6.1
Maces & Flails | 3 6 |  6.5
Shields        | |  3.2

Action                   |  1- 3 |  4- 6 |  7- 9 || total
-------------------------+-------+-------+-------++-------
Melee: War axe           |    92 |    62 |       ||   154
       Flail             |       |    49 |    84 ||   133
  Use: Potion            |     1 |     1 |       ||     2
       Scroll            |     2 |     6 |       ||     8
Armor: Scale mail        |    63 |    49 |     6 ||   118
       Chain mail        |       |       |    49 ||    49
Dodge: Dodged            |    50 |    55 |    28 ||   133
Block: Buckler           |    21 |    20 |    21 ||    62
